 Dungeon Crawl Stone Soup version 0.19-a0-288-g67c72eb (webtiles) character file.

4783 IcyTea the Carver (level 10, -4/114 HPs)
             Began as a Formicid Fighter on May 27, 2016.
             Was a Follower of Hepliaklqana.
             Slain by a centaur
             ... wielding a +5 morningstar of flaming
              (9 damage)
             ... in a volcano.
             The game lasted 00:40:22 (10495 turns).

IcyTea the Carver (Formicid Fighter)               Turns: 10495, Time: 00:40:22

Health: -4/114     AC: 25    Str: 25    XL:     10   Next: 75%
Magic:  11/14      EV:  2    Int:  7    God:    Hepliaklqana [*.....]
Gold:   751        SH: 14    Dex: 10    Spells: 1 memorised, 12 levels left

rFire  . . .     SeeInvis .     B - +1 falchion (freeze) (curse)
rCold  . . .     Gourm    .     (armour currently unavailable)
rNeg   + + +     Faith    +     c - +2 shield
rPois  +         Spirit   .     (helmet unavailable)
rElec  .         Dismiss  .     (cloak currently unavailable)
rCorr  +         Reflect  .     (gloves currently unavailable)
SustAt .         Harm     .     (boots currently unavailable)
MR     +....                    D - amulet of faith
Stlth  +.........               G - ring of resist corrosion
                                E - ring of wizardry

@: tree-form, somewhat resistant to hostile enchantments, very unstealthy
A: permanent stasis, dig shafts and tunnels, four strong arms, (antennae 0),
(fire resistance 0), subdued magic 1
a: Recall Ancestor, Ancestor Identity, Renounce Religion


You were in a volcano.
You worshipped Hepliaklqana.
Hepliaklqana was aware of your devotion.
You were hungry.
You were a tree.
You visited 3 branches of the dungeon, and saw 12 of its levels.
You also visited: Sewer and Volcano.

You collected 751 gold pieces.

Inventory:

Hand Weapons
 v - a +2 falchion of electrocution
 z - a +1 great sword
 B - a cursed +1 falchion of freezing (weapon)
Missiles
 n - 20 tomahawks
 o - 2 throwing nets
 r - 4 javelins (quivered)
Armour
 b - a +0 pair of gloves (melded)
 c - a +2 shield (worn)
 i - a +0 cloak (melded)
 s - the +3 ring mail "Unosen" (melded) {rPois MR+}
   (You took it off an orc on level 5 of the Dungeon)

   It protects you from poison.
   It affects your resistance to hostile enchantments.
 H - the cursed +0 pair of boots of Xitzungekh (melded) {-Tele Int+4 Dex+4}
   (You found it on level 9 of the Dungeon)

   It affects your intelligence (+4).
   It affects your dexterity (+4).
   It prevents most forms of teleportation.
   It has a curse placed upon it.
Jewellery
 D - an amulet of faith (around neck)
 E - a ring of wizardry (left branch)
 G - a ring of resist corrosion (right branch)
Wands
 t - a wand of acid (8/15)
 w - a wand of acid (8/15)
Scrolls
 e - 2 scrolls of immolation
 g - 6 scrolls of identify
 j - a scroll of fog
Potions
 a - a potion of agility
 d - 2 potions of might
 k - 2 potions of curing
 m - a potion of brilliance
 q - 2 potions of flight
Books
 C - a book of Geomancy

   Spells                             Type                      Level
   a - Sandblast                      Earth                        1
   b - Passwall                       Transmutation/Earth          2
   c - Stone Arrow                    Conjuration/Earth            3
   d - Petrify                        Transmutation/Earth          4
   e - Lee's Rapid Deconstruction     Earth                        5
Miscellaneous
 y - a phial of floods
Comestibles
 f - 9 bread rations
 l - 18 fruits
 p - 4 meat rations
 u - a slice of pizza
 A - a beef jerky


   Skills:
 + Level 6.3 Fighting
 - Level 11.1 Long Blades
 - Level 3.4 Armour
 - Level 10.0 Shields
 - Level 3.1 Spellcasting
 - Level 1.0 Conjurations
 - Level 3.0 Earth Magic


You had 12 spell levels left.
You knew the following spells:

 Your Spells              Type           Power        Failure   Level  Hunger
a - Stone Arrow           Conj/Erth      #.....       21%         3    ####...


Dungeon Overview and Level Annotations

Branches:
Dungeon (10/15)            Temple (1/1) D:5             Orc (1/2) D:10
   Lair: D:8-11

Altars:
Ashenzari
Cheibriados
Dithmenos
Elyvilon
Fedhas
Gozag
Hepliaklqana
Kikubaaqudgha
Makhleb
Nemelex Xobeh
Okawaru
Pakellas
Qazlal
Ru
Sif Muna
Trog
Ukayaw
Vehumet
Xom
Yredelemnul
Zin
The Shining One

Annotations:
Volcano Nessos


Innate Abilities, Weirdness & Mutations

You are under a permanent stasis effect.
You can dig through walls and to a lower floor.
Your four strong arms can wield two-handed weapons with a shield.
((You have a pair of large antennae on your head. (SInv)))
((Your flesh is heat resistant. (rF+)))
Your spells are a little easier to cast, but a little less powerful.


Message History

This wand has 8 charges left.
Nessos hits you.
* * * LOW HITPOINT WARNING * * *
You block the centaur's attack. Nessos hits you but does no damage.
The yaktaur hits you.
* * * LOW HITPOINT WARNING * * *
Casting: Stone Arrow
Confirm with . or Enter, or press ? or * to list all spells.
Aiming: Stone Arrow
Press: ? - help, Shift-Dir - straight line, f/p - Nessos
Aim: Nessos, wearing a centaur barding (lightly wounded, fast, covered in acid)
The stone arrow hits Nessos.
Nessos is lightly wounded.
You block Nessos's attack. You block the centaur's attack.
You block Nessos's attack. You block the yaktaur's attack.
The centaur hits you but does no damage.
You slash Nessos! You freeze Nessos.
Nessos is moderately wounded.
Nessos hits you but does no damage.
Nessos blinks!
The centaur hits you with a morningstar of flaming!
You die...

$)) #.## ≈#
+.!.[.'..# §§#
+.._..'..##§§§§
#.....#.c.#≈§≈§
#######...#§§§≈
+$).$!'...#≈≈§§
#..≈..#c..#≈≈§≈
#8≈≈≈8#♣c.#
+..≈.(§..##
+.....(..# ≈#
#8...8#(##≈
≈§###.....###≈≈
§≈§§≈§....§§§§≈
≈≈§§§8...8§§≈≈#
§≈≈≈§§...§§§###
##≈≈≈.§§§§§≈#


You could see Nessos, a yaktaur and a centaur.

Vanquished Creatures
  Prince Ribbit (D:5)
  A two-headed ogre (D:9)
  2 wyverns
  2 steam dragons
  Menkaure (D:4)
  A hell hound (Orc:1)
  3 orc warriors
  3 sky beasts
  An ice beast (D:8)
  6 ogres
  A black bear (D:6)
  A phantom (D:10)
  A giant frog (D:6)
  Blork the orc (D:6)
  3 big kobolds (Sewer)
  4 scorpions
  A water moccasin skeleton (D:4)
  4 wights
  2 howler monkeys (D:9)
  2 crimson imps
  A giant frog zombie (D:5)
  2 centaur skeletons
  2 jellies (D:8)
  A quasit (D:5)
  5 orc wizards
  Crazy Yiuf (D:2)
  6 orc priests
  5 hounds
  A gnoll shaman (D:6)
  2 worker ants
  Natasha (thrice) (D:3)
  2 iguanas
  2 worker ant zombies (D:5)
  Robin (D:2)
  16 adders
  3 gnolls (D:6)
  9 oozes
  An adder skeleton (D:4)
  5 worms
  3 giant geckos
  32 orcs
  7 ball pythons
  11 bats
  8 giant cockroaches
  11 goblins
  9 hobgoblins
  13 jackals
  6 quokkas
  5 giant newts
  10 kobolds
  A quokka zombie (D:5)
  23 rats
248 creatures vanquished.

Vanquished Creatures (collateral kills)
  A hell hound (Orc:1)
  An orc warrior (D:10)
  A worker ant (D:9)
  4 orcs
7 creatures vanquished.

Vanquished Creatures (others)
  2 ancestors
2 creatures vanquished.

Grand Total: 257 creatures vanquished

Notes
Turn   | Place    | Note
--------------------------------------------------------------
     0 | D:1      | IcyTea the Formicid Fighter began the quest for the Orb.
     0 | D:1      | Reached XP level 1. HP: 18/18 MP: 1/1
    70 | D:1      | Reached XP level 2. HP: 20/24 MP: 2/2
   546 | D:2      | Reached XP level 3. HP: 22/29 MP: 3/3
   775 | D:2      | Found a glowing golden altar of the Shining One.
   776 | D:2      | Found an opulent altar of Gozag.
   815 | D:2      | Reached skill level 3 in Long Blades
   829 | D:2      | Noticed Robin
   854 | D:1      | Reached XP level 4. HP: 31/35 MP: 4/4
  1008 | D:2      | Killed Robin
  1018 | D:2      | Found a snail-covered altar of Cheibriados.
  1303 | D:2      | Reached skill level 4 in Long Blades
  1319 | D:2      | Noticed Crazy Yiuf
  1358 | D:2      | Killed Crazy Yiuf
  1358 | D:2      | Reached XP level 5. HP: 26/41 MP: 5/5
  1857 | D:3      | Noticed Natasha
  1869 | D:3      | Killed Natasha
  1869 | D:3      | Reached skill level 5 in Long Blades
  2077 | D:3      | Noticed Natasha
  2084 | D:3      | Killed Natasha
  2084 | D:3      | Reached XP level 6. HP: 38/47 MP: 6/6
  2206 | D:3      | Noticed Natasha
  2469 | D:3      | Killed Natasha
  2606 | D:3      | Reached skill level 6 in Long Blades
  3341 | D:4      | Reached XP level 7. HP: 45/52 MP: 7/7
  3401 | D:4      | Found a glowing drain.
  3524 | Sewer    | Entered a sewer
  3561 | Sewer    | Reached skill level 7 in Long Blades
  4147 | Sewer    | Reached skill level 8 in Long Blades
  4203 | Sewer    | Reached XP level 8. HP: 58/58 MP: 8/8
  4452 | D:4      | Noticed Menkaure
  4463 | D:4      | Killed Menkaure
  4463 | D:4      | Reached skill level 9 in Long Blades
  5010 | D:5      | Entered Level 5 of the Dungeon
  5130 | D:5      | Found a shimmering altar of Xom.
  5192 | D:5      | Found a shattered altar of Ashenzari.
  5220 | D:5      | Found a staircase to the Ecumenical Temple.
  5229 | Temple   | Entered the Ecumenical Temple
  5479 | D:5      | Got a bronze ring mail
  5480 | D:5      | Identified the +3 ring mail "Unosen" {rPois MR+} (You took it off an orc on level 5 of the Dungeon)
  5808 | D:5      | Reached skill level 10 in Long Blades
  5993 | D:5      | Reached skill level 5 in Shields
  6039 | D:5      | Reached XP level 9. HP: 64/64 MP: 9/9
  6564 | D:6      | Noticed Prince Ribbit
  6610 | D:5      | Killed Prince Ribbit
  6964 | D:6      | Noticed Blork the orc
  6976 | D:6      | Killed Blork the orc
  6988 | D:6      | Found a white marble altar of Elyvilon.
  6988 | D:6      | Found a blossoming altar of Fedhas.
  7414 | D:6      | Found a burning altar of Makhleb.
  7648 | D:7      | Found a shadowy altar of Dithmenos.
  7670 | D:7      | Found a bloodstained altar of Trog.
  7683 | D:7      | Gained mutation: You have large cloven feet. [mutagenic meat]
  7697 | D:7      | Reached skill level 10 in Shields
  7774 | D:7      | You fall through a shaft!
  8027 | D:7      | Reached XP level 10. HP: 72/73 MP: 10/10
  8177 | D:8      | Reached skill level 5 in Fighting
  8592 | D:8      | Gained mutation: You evolve. [mutagenic meat]
  8593 | D:8      | Lost mutation: You have large cloven feet. [mutagenic meat]
  8594 | D:8      | Gained mutation: Your flesh is heat resistant. (rF+) [mutagenic meat]
  8595 | D:8      | Gained mutation: Your spells are a little easier to cast, but a little less powerful. [mutagenic meat]
  8596 | D:8      | Gained mutation: You are clumsy. (Dex -2) [mutagenic meat]
  8949 | D:8      | Lost mutation: You are clumsy. (Dex -2) [evolution]
  8949 | D:8      | Lost mutation: You evolve. [end of evolution]
  9410 | D:9      | Found a blossoming altar of Fedhas.
  9419 | D:9      | Reached skill level 11 in Long Blades
  9460 | D:9      | Found a hazy altar of Hepliaklqana.
  9460 | D:9      | Found a sparkling altar of Nemelex Xobeh.
  9465 | D:9      | Became a worshipper of Hepliaklqana
  9480 | D:9      | Learned a level 3 spell: Stone Arrow
  9598 | D:9      | Found a sacrificial altar of Ru.
  9872 | D:9      | Got a pair of jewelled boots
  9873 | D:9      | Identified the cursed +0 pair of boots of Xitzungekh {-Tele Int+4 Dex+4} (You found it on level 9 of the Dungeon)
  9890 | D:9      | Found an ancient bone altar of Kikubaaqudgha.
 10009 | D:10     | Entered Level 10 of the Dungeon
 10083 | D:10     | Reached skill level 1 in Conjurations
 10085 | D:10     | Reached skill level 1 in Spellcasting
 10199 | D:10     | Found a staircase to the Orcish Mines.
 10221 | Orc:1    | Entered Level 1 of the Orcish Mines
 10221 | Orc:1    | Reached * piety under Hepliaklqana
 10371 | Orc:1    | Found a dark tunnel.
 10456 | Volcano  | Entered a volcano
 10475 | Volcano  | Found a bloodstained altar of Trog.
 10476 | Volcano  | Noticed Nessos
 10478 | Volcano  | Noticed a yaktaur
 10493 | Volcano  | HP: 5/114 [Nessos (3)]
 10495 | Volcano  | Slain by a centaur

Vault maps used:
D:1:      dpeg_arrival_long_road
D:2:      lemuel_round_altar, gammafunk_temple_overflow_pools, uniq_robin,
          uniq_crazy_yiuf_cottage
D:3:      serial_glass, glass_columns_b, glass_columns_a, glass_columns_c,
          glass_columns_a, glass_columns_a, glass_columns_a, glass_columns_a,
          glass_columns_a, uniq_natasha
D:4:      portal_sewer_entry_a, hangedman_abyss_or_decor_lesser_grid,
          uniq_menkaure
D:5:      tgw_xom, ashenzari_conservatory_becter, minmay_temple_entry_trees,
          first_bread, kennysheep_small_spiral
D:6:      overflow_temple_1_default, amethyst_overflow_temple_binary,
          uniq_prince_ribbit1, uniq_blork_the_orc
D:7:      lemuel_doored_altar, lemuel_crystal_altar
D:8:      wad_pebble_path
D:9:      lemuel_coloured_pillars_altar, grunt_temple_overflow_open,
          nicolae_overflow_crystal_walls, hangedman_tree_tricks
D:10:     hiddenorc1_lemuel, uniq_gastronok, uniq_psyche, uniq_maurice
Temple:   cyrus_temple_forest_13
Orc:1:    orc_temple, enter_volcano_3, guppyfry_library_mini
Sewer:    sewer_co_tree
Volcano:  kennysheep_volcano_temple

Skill      XL: |  1  2  3  4  5  6  7  8  9 10 |
---------------+-------------------------------+-----
Shields        | 4 5 10 | 10.0
Long Blades    | 3 4 5 6 8 10 11 | 11.1
Fighting       | 4 6 |  6.3
Earth Magic    | 3 |  3.0
Conjurations   | 1 |  1.0
Spellcasting   | 3 |  3.1
Armour         | |  3.4

Action                   |  1- 3 |  4- 6 |  7- 9 | 10-12 || total
-------------------------+-------+-------+-------+-------++-------
Melee: Long sword        |   121 |   218 |   474 |       ||   813
       Great sword       |       |       |    34 |    62 ||    96
       Kick              |       |       |    13 |     8 ||    21
       Falchion          |       |       |       |   153 ||   153
Throw: Javelin           |       |       |       |     3 ||     3
 Cast: Stone Arrow       |       |       |       |     1 ||     1
 Abil: Dig               |       |       |     3 |       ||     3
Evoke: Wand              |       |       |       |     1 ||     1
  Use: Scroll            |       |     3 |    12 |     3 ||    18
       Potion            |       |     6 |     3 |     3 ||    12
 Stab: Distracted        |       |       |       |     1 ||     1
  Eat: Chunk             |       |     7 |    18 |    13 ||    38
Armor: Scale mail        |    54 |    82 |    72 |       ||   208
       Ring mail         |       |       |    37 |    53 ||    90
       Skin              |       |       |       |     7 ||     7
Dodge: Dodged            |    40 |    71 |   102 |    55 ||   268
Block: Shield            |    81 |    98 |   215 |   163 ||   557
